cohdb
Replays
Latest Replays
All Replays
Popular Replays
Top Player Replays
Match Explorer
How It Works
Community
CoH3 Stats
Reddit
Sign in to upload your games and track your stats! →
Sign in with Steam
Match 47369402
Unlisted
Match 47369402
Overview
Messages
Build Orders
End
Panzergrenadier Squad
Selects Panzerjäger Kommand Battlegroup
Selects Blockade Equipment
250 Light Carrier
Panzergrenadier Squad
Panzergrenadier Squad
Construct Light Support Kompanie
Construct Mechanized Kompanie
Selects Tank Busters
Support Armor Elements
Selects Defensive Positions
Panzerjäger Mechanized Group
StuG III D Assault Gun
2.5-tonne Medical Truck
Pak 38 Anti-tank Gun Team
Construct Panzerarmee Kommand
Selects Crew Shock Tactics
MG34 Team
Walking Stuka Rocket Launcher
Flak 36 Anti-tank Gun Team
Selects Elefant Tank Destroyer
Elefant Tank Destroyer
AI Takeover
BarraCuda
Cinder
Olg
rocketpossum
0
0
Comments
sign in to comment!
No comments posted yet!